General information
- name: BNet
- type: Ladder team game (AT/RT)
- host: Battle.net
- saver: PlayByPlay
map: FullScaleAssault
- players: 8
- length: 28:11
- speed: Fast
- version: 1.27 W3XP
- replay type: Public
» download(175 KB)
Players
team 1 (loser)

»
DeeDo (
blue | 58 APM | 1556 actions | 26:47)
6 Paladin
3 Holy Light
1 Divine Shield
1 Devotion Aura
1 Resurrection
3 Archmage
2 Brilliance Aura
1 Blizzard
» actions
| Assign group hotkey | 27 | |
| Basic commands | 123 | |
| Build / train | 100 | |
| Enter build submenu | 35 | |
| Enter hero's abilities submenu | 9 | |
| Give item / drop item | 1 | |
| Remove unit from queue | 1 | |
| Right click | 487 | |
| Select / deselect | 447 | |
| Select group hotkey | 205 | |
| Use ability | 121 | |
1556 total
» units
| Peasant | 14 | |
| Footman | 5 | |
| Dragonhawk Rider | 15 | |
| Knight | 7 | |
| Priest | 10 | |
| Siege Engine | 5 | |
56 total
» upgrades
| Defend | 1 | |
| Lumber Harvesting | 2 | |
| Priest Training | 2 | |
| Plating | 2 | |
| Swords | 2 | |
| Barrage | 1 | |
| Animal War Training | 1 | |
| Cloud | 1 | |
12 total
» buildings
| Altar of Kings | 1 | |
| Farm | 14 | |
| Barracks | 1 | |
| Scout Tower | 12 | |
| Arcane Tower | 1 | |
| Arcane Vault | 1 | |
| Keep | 1 | |
| Lumber Mill | 1 | |
| Guard Tower | 9 | |
| Gryphon Aviary | 2 | |
| Arcane Sanctum | 1 | |
| Town Hall | 1 | |
| Castle | 1 | |
| Blacksmith | 1 | |
| Workshop | 1 | |
48 total
» build order
00:08 Altar of Kings
00:20 Farm
00:35 Barracks
00:54 Farm
01:30 Scout Tower
01:37 Farm
02:01 Arcane Tower
02:43 Farm
03:07 Arcane Vault
03:54 Keep
04:09 Lumber Mill
04:31 Farm
05:20 Scout Tower
05:22 Scout Tower
05:29 Scout Tower
05:30 Scout Tower
06:10 Guard Tower
06:11 Guard Tower
06:24 Gryphon Aviary
06:32 Arcane Sanctum
06:34 Guard Tower
06:38 Town Hall
06:44 Guard Tower
07:52 Farm
08:00 Scout Tower
08:06 Scout Tower
08:07 Scout Tower
08:21 Castle
08:34 Farm
08:42 Guard Tower
08:52 Guard Tower
09:02 Farm
09:17 Guard Tower
09:48 Blacksmith
10:04 Farm
10:07 Farm
10:52 Farm
12:17 Scout Tower
12:18 Scout Tower
13:00 Workshop
13:21 Guard Tower
15:53 Scout Tower
15:54 Scout Tower
15:57 Guard Tower
18:02 Gryphon Aviary
19:36 Farm
19:37 Farm
21:14 Farm
» items
| Scroll of Regeneration | 4 | |
| Orb of Fire | 1 | |
| Lesser Clarity Potion | 1 | |
| Scroll of Town Portal | 2 | |
8 total
Rush_Limbaugh (
green | 45 APM | 1273 actions | 28:11)
7 Tauren Chieftain
3 Endurance Aura
3 War Stomp
1 Reincarnation
6 Blademaster
2 Wind Walk
3 Critical Strike
1 Bladestorm
» actions
| Assign group hotkey | 4 | |
| Build / train | 90 | |
| Enter build submenu | 16 | |
| Enter hero's abilities submenu | 13 | |
| Give item / drop item | 5 | |
| Remove unit from queue | 3 | |
| Right click | 448 | |
| Select / deselect | 182 | |
| Select group hotkey | 411 | |
| Use ability | 101 | |
1273 total
» units
| Peon | 11 | |
| Grunt | 5 | |
| Shaman | 18 | |
| Tauren | 15 | |
49 total
» upgrades
| Shaman Training | 2 | |
| Armor | 2 | |
| Melee Weapons | 2 | |
| Pulverize | 1 | |
| Spiked Barricades | 1 | |
8 total
» buildings
| Orc Burrow | 7 | |
| Altar of Storms | 1 | |
| Barracks | 1 | |
| Voodoo Lounge | 1 | |
| Stronghold | 4 | |
| Fortress | 1 | |
| Spirit Lodge | 1 | |
| War Mill | 1 | |
| Tauren Totem | 2 | |
| Great Hall | 1 | |
| Spirit Tower | 1 | |
21 total
» build order
00:09 Orc Burrow
00:13 Altar of Storms
01:35 Barracks
02:08 Voodoo Lounge
02:31 Stronghold
02:32 Stronghold
02:32 Stronghold
02:47 Orc Burrow
03:25 Orc Burrow
03:45 Orc Burrow
04:53 Fortress
05:18 Spirit Lodge
05:47 War Mill
07:22 Tauren Totem
07:27 Tauren Totem
10:08 Orc Burrow
10:58 Great Hall
15:53 Orc Burrow
18:06 Orc Burrow
28:01 Spirit Tower
» items
| Healing Salve | 2 | |
| Scroll of Speed | 1 | |
| Potion of Lesser Invulnerability | 1 | |
| Orb of Lightning | 1 | |
| Scroll of Town Portal | 2 | |
7 total

»
Ghandi (
yellow | 45 APM | 1234 actions | 27:35)
6 Death Knight
3 Death Coil
2 Unholy Aura
1 Animate Dead
5 Lich
3 Frost Nova
2 Frost Armor
» actions
| Assign group hotkey | 28 | |
| Basic commands | 151 | |
| Build / train | 75 | |
| ESC pressed | 1 | |
| Enter build submenu | 23 | |
| Enter hero's abilities submenu | 11 | |
| Give item / drop item | 6 | |
| Remove unit from queue | 1 | |
| Right click | 372 | |
| Select / deselect | 271 | |
| Select group hotkey | 193 | |
| Use ability | 102 | |
1234 total
» units
| Acolyte | 10 | |
| Ghoul | 3 | |
| Crypt Fiend | 7 | |
| Obsidian Statue | 5 | |
| Frost Wyrm | 4 | |
| Giant Sea Turtle | 1 | |
| Makrura Snapper | 1 | |
| Mur'gul Snarecaster | 1 | |
| Makrura Deepseer | 5 | |
37 total
» upgrades
| Creature Attack | 3 | |
| Web | 1 | |
| Freezing Breath | 1 | |
| Creature Carapace | 1 | |
| Destroyer Form | 1 | |
7 total
» buildings
| Altar of Darkness | 1 | |
| Ziggurat | 12 | |
| Crypt | 1 | |
| Graveyard | 1 | |
| Tomb of Relics | 1 | |
| Halls of the Dead | 1 | |
| Sacrificial Pit | 2 | |
| Slaughterhouse | 1 | |
| Black Citadel | 2 | |
| Boneyard | 2 | |
| Necropolis | 1 | |
| Spirit Tower | 6 | |
31 total
» build order
00:19 Altar of Darkness
00:22 Ziggurat
00:25 Crypt
01:09 Graveyard
01:16 Ziggurat
01:59 Tomb of Relics
03:21 Halls of the Dead
04:28 Ziggurat
05:48 Sacrificial Pit
05:50 Slaughterhouse
06:39 Ziggurat
07:52 Black Citadel
08:10 Sacrificial Pit
10:24 Boneyard
10:26 Boneyard
10:50 Ziggurat
11:22 Ziggurat
14:02 Ziggurat
17:47 Ziggurat
17:49 Ziggurat
17:57 Necropolis
19:18 Spirit Tower
19:19 Spirit Tower
19:19 Spirit Tower
19:19 Spirit Tower
19:19 Spirit Tower
19:20 Spirit Tower
21:05 Ziggurat
21:06 Ziggurat
21:14 Ziggurat
» items
| Rod of Necromancy | 1 | |
| Boots of Speed | 1 | |
| Potion of Lesser Invulnerability | 2 | |
| Scroll of Healing | 2 | |
| Scroll of Town Portal | 1 | |
7 total
team 2 (winner)
MongolianPengui (
teal | 99 APM | 2791 actions | 28:11)
7 Archmage
3 Summon Water Elemental
3 Brilliance Aura
1 Mass Teleport
4 Paladin
2 Devotion Aura
2 Holy Light
» actions
| Assign group hotkey | 87 | |
| Basic commands | 142 | |
| Build / train | 127 | |
| ESC pressed | 2 | |
| Enter build submenu | 39 | |
| Enter hero's abilities submenu | 11 | |
| Give item / drop item | 7 | |
| Right click | 916 | |
| Select / deselect | 514 | |
| Select group hotkey | 788 | |
| Use ability | 158 | |
2791 total
» units
| Peasant | 24 | |
| Footman | 14 | |
| Gryphon Rider | 10 | |
| Knight | 3 | |
| Dragonhawk Rider | 2 | |
53 total
» upgrades
| Swords | 3 | |
| Lumber Harvesting | 1 | |
| Defend | 1 | |
| Plating | 3 | |
| Masonry | 2 | |
| Animal War Training | 1 | |
| Armor | 1 | |
| Storm Hammers | 1 | |
| Cloud | 1 | |
14 total
» buildings
| Altar of Kings | 1 | |
| Farm | 13 | |
| Barracks | 4 | |
| Town Hall | 3 | |
| Keep | 3 | |
| Lumber Mill | 1 | |
| Arcane Vault | 2 | |
| Blacksmith | 2 | |
| Castle | 5 | |
| Gryphon Aviary | 4 | |
| Scout Tower | 3 | |
| Workshop | 1 | |
| Cannon Tower | 2 | |
44 total
» build order
00:07 Altar of Kings
00:11 Farm
00:48 Barracks
00:52 Farm
02:17 Farm
04:10 Town Hall
05:47 Keep
05:49 Lumber Mill
05:55 Arcane Vault
06:02 Blacksmith
07:53 Blacksmith
07:57 Barracks
07:58 Barracks
08:19 Castle
08:19 Castle
08:20 Castle
09:51 Farm
09:52 Farm
09:52 Farm
09:54 Farm
09:54 Farm
10:09 Farm
10:10 Farm
10:11 Farm
10:27 Barracks
11:50 Farm
11:51 Farm
14:00 Gryphon Aviary
14:00 Gryphon Aviary
14:05 Gryphon Aviary
14:05 Gryphon Aviary
18:11 Arcane Vault
19:06 Town Hall
20:04 Scout Tower
20:05 Scout Tower
20:06 Scout Tower
20:47 Workshop
21:17 Cannon Tower
28:08 Town Hall
» items
| Staff of Sanctuary | 2 | |
| Potion of Healing | 2 | |
| Orb of Fire | 1 | |
| Scroll of Town Portal | 2 | |
| Scroll of Regeneration | 1 | |
8 total

»
LegendsNeverDie (
orange | 32 APM | 908 actions | 28:11)
6 Tauren Chieftain
3 Endurance Aura
2 War Stomp
1 Reincarnation
4 Shadow Hunter
2 Healing Wave
2 Hex
» actions
| Assign group hotkey | 11 | |
| Basic commands | 39 | |
| Build / train | 79 | |
| ESC pressed | 1 | |
| Enter build submenu | 23 | |
| Enter hero's abilities submenu | 10 | |
| Give item / drop item | 4 | |
| Right click | 361 | |
| Select / deselect | 299 | |
| Select group hotkey | 14 | |
| Use ability | 66 | |
908 total
» units
| Peon | 8 | |
| Grunt | 6 | |
| Goblin Shredder | 1 | |
| Shaman | 17 | |
| Tauren | 18 | |
| Blue Dragon | 1 | |
51 total
» upgrades
| Melee Weapons | 3 | |
| Shaman Training | 2 | |
| Pulverize | 1 | |
| Witch Doctor Training | 2 | |
| Armor | 2 | |
10 total
» buildings
| Barracks | 1 | |
| Orc Burrow | 8 | |
| Altar of Storms | 1 | |
| Voodoo Lounge | 1 | |
| Stronghold | 1 | |
| War Mill | 1 | |
| Great Hall | 1 | |
| Fortress | 1 | |
| Spirit Lodge | 1 | |
| Watch Tower | 4 | |
| Tauren Totem | 2 | |
22 total
» build order
00:07 Barracks
00:25 Orc Burrow
01:17 Orc Burrow
01:31 Altar of Storms
02:57 Voodoo Lounge
03:09 Orc Burrow
04:43 Stronghold
05:46 War Mill
06:00 Great Hall
06:46 Orc Burrow
07:17 Fortress
07:22 Spirit Lodge
07:45 Watch Tower
08:50 Watch Tower
08:52 Watch Tower
08:53 Watch Tower
09:50 Tauren Totem
09:51 Tauren Totem
12:53 Orc Burrow
13:00 Orc Burrow
13:03 Orc Burrow
19:51 Orc Burrow
» items
| Healing Salve | 2 | |
| Orb of Lightning | 1 | |
| Scroll of Regeneration | 1 | |
4 total

»
n_the_beginning (
red | 18 APM | 510 actions | 28:11)
9 Priestess of the Moon
3 Searing Arrows
3 Trueshot Aura
1 Starfall
2 Scout
» actions
| Build / train | 96 | |
| Enter build submenu | 24 | |
| Enter hero's abilities submenu | 9 | |
| Give item / drop item | 1 | |
| Right click | 166 | |
| Select / deselect | 169 | |
| Use ability | 45 | |
510 total
» units
| Wisp | 27 | |
| Goblin Zeppelin | 1 | |
| Goblin Shredder | 2 | |
| Hippogryph | 35 | |
| Chimaera | 5 | |
70 total
» upgrades
| Strength of the Wild | 3 | |
| Reinforced Hides | 3 | |
| Ultravision | 1 | |
| Corrosive Breath | 1 | |
| Well Spring | 1 | |
9 total
» buildings
| Moon Well | 10 | |
| Hunter's Hall | 1 | |
| Altar of Elders | 1 | |
| Ancient Protector | 5 | |
| Tree of Ages | 1 | |
| Tree of Life | 5 | |
| Ancient of Wind | 1 | |
| Tree of Eternity | 1 | |
| Chimaera Roost | 3 | |
| Ancient of Wonders | 1 | |
29 total
» build order
01:03 Moon Well
01:25 Hunter's Hall
01:42 Altar of Elders
02:09 Moon Well
02:40 Moon Well
03:04 Moon Well
03:36 Ancient Protector
04:04 Ancient Protector
04:33 Ancient Protector
04:41 Ancient Protector
05:01 Ancient Protector
05:42 Tree of Ages
06:45 Tree of Life
08:07 Ancient of Wind
08:12 Tree of Eternity
10:35 Chimaera Roost
10:36 Chimaera Roost
10:37 Chimaera Roost
10:51 Moon Well
11:01 Moon Well
11:24 Moon Well
11:26 Moon Well
11:27 Moon Well
11:28 Moon Well
13:39 Tree of Life
18:35 Ancient of Wonders
22:24 Tree of Life
27:01 Tree of Life
27:07 Tree of Life
» items
| Boots of Speed | 1 | |
| Potion of Lesser Invulnerability | 1 | |
| Scroll of Town Portal | 2 | |
| Anti-magic Potion | 1 | |
5 total
JustInstalled (
purple | 64 APM | 1801 actions | 28:11)
6 Crypt Lord
2 Carrion Beetles
3 Spiked Carapace
1 Locust Swarm
» actions
| Assign group hotkey | 60 | |
| Basic commands | 109 | |
| Build / train | 66 | |
| ESC pressed | 1 | |
| Enter build submenu | 24 | |
| Enter hero's abilities submenu | 6 | |
| Give item / drop item | 4 | |
| Right click | 559 | |
| Select / deselect | 337 | |
| Select group hotkey | 557 | |
| Use ability | 78 | |
1801 total
» units
| Acolyte | 8 | |
| Ghoul | 4 | |
| Crypt Fiend | 16 | |
| Goblin Zeppelin | 1 | |
| Obsidian Statue | 5 | |
| Frost Wyrm | 5 | |
39 total
» upgrades
| Web | 1 | |
| Destroyer Form | 1 | |
| Freezing Breath | 1 | |
| Creature Attack | 1 | |
| Creature Carapace | 1 | |
5 total
» buildings
| Crypt | 2 | |
| Graveyard | 1 | |
| Ziggurat | 8 | |
| Altar of Darkness | 2 | |
| Tomb of Relics | 1 | |
| Halls of the Dead | 1 | |
| Black Citadel | 2 | |
| Slaughterhouse | 2 | |
| Sacrificial Pit | 1 | |
| Boneyard | 3 | |
| Spirit Tower | 1 | |
24 total
» build order
00:12 Crypt
00:21 Graveyard
00:43 Ziggurat
01:09 Altar of Darkness
01:12 Altar of Darkness
01:44 Ziggurat
02:06 Tomb of Relics
03:26 Ziggurat
04:22 Halls of the Dead
05:28 Ziggurat
08:40 Black Citadel
11:55 Black Citadel
13:25 Crypt
13:28 Ziggurat
13:49 Slaughterhouse
13:52 Slaughterhouse
14:27 Sacrificial Pit
15:28 Ziggurat
15:33 Boneyard
15:41 Boneyard
16:10 Spirit Tower
17:36 Boneyard
19:28 Ziggurat
21:07 Ziggurat
» items
| Rod of Necromancy | 2 | |
| Lesser Clarity Potion | 1 | |
| Scroll of Town Portal | 4 | |
| Orb of Corruption | 1 | |
| Potion of Healing | 3 | |
11 total
Chat log
(00:15 / All) PlayByPlay: It's time for another rousing match of Warcraft 3
(00:39 / All) PlayByPlay: On the left we have team 1 with human, orc, and undead, and yours truly JimBob the play by play announcer
(00:43 / All) n_the_beginning: pink i know u suck ..but do you swallow?
(00:51 / All) Ghandi: lol
(01:00 / All) PlayByPlay: Red brings the banter, it was a good try but falls flat
(01:12 / Allies) DeeDo: oh boy
(01:18 / All) n_the_beginning: can i get a play by play of that sucking action your doing
(01:21 / All) PlayByPlay: Still waiting on intel from the other side, team 1 has yet to scout
(01:40 / Allies) Ghandi: gimme unit control pink
(01:43 / Allies) Ghandi: i'll scout for u
(01:45 / All) PlayByPlay: Red decides to make homosexual advancements on the announcer, this is getting weird folks
(01:53 / All) Rush_Limbaugh: lol
(01:54 / All) n_the_beginning: oh oh oh billy
(01:57 / All) n_the_beginning: im cumming
(02:01 / All) LegendsNeverDie: You use the word folks, you're a puppet.
(02:11 / All) PlayByPlay: Yellow has requested unit control, I suppose he thinks he can build
(02:21 / All) LegendsNeverDie: -Donald Trump jowls!-
(02:27 / All) n_the_beginning: sirsuckalot is the ultimate freak
(02:46 / All) PlayByPlay: Red seems to be some kind of depraved homosexual, the kind that hang out at bathhouses
(02:46 / All) JustInstalled: how to i talk
(02:55 / All) n_the_beginning: so pink hows those tulips
(02:55 / All) PlayByPlay: and suck teh cocks of random strangers at gas station stops
(03:03 / All) PlayByPlay: But that's okay, not that there's anything wrong with that
(03:10 / All) PlayByPlay: It is the current year after all
(03:26 / All) PlayByPlay: Yellow scouts red building at the bottom choke
(03:31 / All) n_the_beginning: hiya pink pussy
(03:34 / All) PlayByPlay: and sends a ping to his allies
(03:46 / All) DeeDo: guys just kill us now
(03:58 / All) n_the_beginning: look mom ...no hands
(04:07 / All) PlayByPlay: Blue seems to be suicidal, a shame as we all had high hopes for him in this match
(04:25 / All) PlayByPlay: Red and orange decide to chase down the scout, OOH he takes a dirtnap
(04:27 / All) n_the_beginning: ready to work
(04:32 / All) MongolianPengui: why's pink
(04:33 / All) MongolianPengui: oh
(04:44 / All) Rush_Limbaugh: i like this guy, pink
(04:53 / All) n_the_beginning: cream ...get on top ...cream dont you stop
(04:59 / All) PlayByPlay: Green seems to aschew creeping and opts for a "porch monkey" strategy
(05:16 / All) n_the_beginning: oh pink ...u suck so hard
(05:27 / All) PlayByPlay: The kids are chanting, "stoop kid's afraid to leave his stoop!" Hey look at that, it's a Hey Arnold episode
(05:28 / All) n_the_beginning: damn ..that orange is going thru the waterhose
(05:40 / All) MongolianPengui: ah pink's american
(06:03 / All) PlayByPlay: They don't call this server US East for foreigners to play on, folks
(06:12 / All) PlayByPlay: The third world have their own servers
(06:29 / All) MongolianPengui: i thought he was funny but now he's just being stupid
(06:45 / All) PlayByPlay: Yellow plops down a sentry ward, much appreciated by this announcer
(06:57 / All) n_the_beginning: pink is on my all cream team
(06:57 / All) Ghandi: what a queer boy
(06:59 / All) PlayByPlay: Purple scouts the expansion
(07:02 / All) PlayByPlay: He rushes to cancel the towers
(07:13 / All) MongolianPengui: teal's banging pink in his house
(07:22 / All) PlayByPlay: Teal spots my units and decides to whack them, not looking good for team 1
(07:24 / Allies) Ghandi: teal stop
(08:38 / All) PlayByPlay: Green takes a melee centric approach
(08:45 / All) PlayByPlay: Teal looking to cancel his tauren totem
(08:46 / All) n_the_beginning: get ur gravy train
(08:49 / All) n_the_beginning: come and get it
(09:04 / All) PlayByPlay: Green blocked by the slow water ele, unintentional on teal's part
(09:13 / All) PlayByPlay: Teal is running around like a chicken with its head cut off
(09:31 / All) PlayByPlay: Blue misses a surround opportunity
(10:19 / All) n_the_beginning: did u see your tweezers purp
(10:22 / All) PlayByPlay: Yellow seems to have an odd aversion to expansion and gold
(10:50 / All) PlayByPlay: Team 1 is doing a lot of creeping, a lot of waiting, and a lot of twiddling of the thumbs. Same goes for team 2
(11:01 / Allies) Ghandi: guys we can win
(11:03 / Allies) Ghandi: it's 4v3
(11:14 / All) PlayByPlay: Yellow does not give up hope in the face of seemingly insurmountable odds
(11:17 / All) n_the_beginning: team 3 is doing alot of jerking off
(11:26 / All) DeeDo: which one is team 3
(11:34 / All) PlayByPlay: Don't we all appreciate a never say never attitude folks? Great heart from team 1
(11:42 / All) n_the_beginning: looks like alot of blood
(12:18 / All) PlayByPlay: Green finally with an expansion, yellow still decides to forego the collecting of monies
(12:34 / All) PlayByPlay: Orange is outside green's base looking menacing
(12:38 / All) PlayByPlay: LEt's see what happens here folks
(12:41 / All) PlayByPlay: Seems to be a mirror image
(12:54 / All) PlayByPlay: That squandered its opportunity at scouting
(13:08 / Allies) Ghandi: chims
(13:15 / All) PlayByPlay: Red now pumping out the chims
(13:24 / All) PlayByPlay: Let's see if team 1 opts to counter the tier 3 air
(13:25 / Allies) Ghandi: give me gold pink
(13:27 / All) PlayByPlay: That could spell trouble
(13:27 / All) MongolianPengui: TO WARQ
(13:35 / Allies) DeeDo: help
(13:46 / All) MongolianPengui: AHHH TARUENS
(13:51 / All) PlayByPlay: We got a barn burner up top FOLKS!
(14:00 / All) PlayByPlay: THIS IS AN ALL MOVE ALL OUT BATTLE
(14:07 / All) PlayByPlay: Team 1 is clobbering purple and teal!
(14:18 / All) PlayByPlay: That's why we call an ass kicking where I'm from!
(14:29 / All) PlayByPlay: Will team 1 push their advantage?
(14:39 / All) PlayByPlay: Will they elect to try to make it a 3v3 or hit the expnasions?
(14:44 / Allies) DeeDo: b
(14:45 / All) PlayByPlay: We are all at the edge of our seats
(14:46 / Allies) DeeDo: nvm
(14:48 / Allies) DeeDo: im coming
(14:52 / Allies) DeeDo: yelow 5 sc
(14:55 / All) PlayByPlay: Yellow presses forward alone
(15:04 / All) PlayByPlay: Manage to save a wyrm
(15:11 / All) PlayByPlay: Now orange is on the retreat
(15:15 / All) PlayByPlay: Lots of hurt tauren
(15:39 / All) PlayByPlay: HEre comes the PARADE! Battle parade
(15:44 / All) PlayByPlay: Orange fighting 1v3
(15:48 / All) PlayByPlay: This is an interesting strategy
(15:53 / All) PlayByPlay: Purple with the island expansion
(16:03 / All) PlayByPlay: Yellow flying too close
(16:05 / All) PlayByPlay: to the sun it seems
(16:19 / All) PlayByPlay: Blue separated from his allies
(16:27 / All) PlayByPlay: Orange's TC goes down!
(16:29 / All) PlayByPlay: Out for the count!
(16:39 / All) PlayByPlay: Red bringing the hippo!
(16:42 / All) PlayByPlay: And the chim!
(16:50 / All) PlayByPlay: Looks like team 1 needs a lot more anti air!
(17:02 / All) PlayByPlay: Yellow needs to bring some fiends for blue and green
(17:14 / All) PlayByPlay: They got flanked and now team 1 is starting to lose this battle
(17:21 / All) PlayByPlay: Blue and green decide not to tp out
(17:25 / All) PlayByPlay: yellow leaves em hanging
(17:31 / All) PlayByPlay: What a bad turn of events for team 1
(17:39 / Allies) DeeDo: rebuild
(17:47 / Allies) Rush_Limbaugh: aa plz blue
(17:48 / All) PlayByPlay: Red utilizing the newbie strat of chippo but it seems to be working well for him
(17:51 / Allies) DeeDo: tanks
(17:59 / Allies) Rush_Limbaugh: something
(18:16 / All) PlayByPlay: REd swooping down, this could spell trouble for team 1
(18:41 / All) PlayByPlay: Folks it looks like team 1 lost their chance at a 3v3, and taem 2 has all their expansions in tact
(20:04 / All) PlayByPlay: Green finds the dragon roost already crept, but the items left for the taking
(20:13 / All) PlayByPlay: Green chooses to fight
(20:16 / All) PlayByPlay: air vs melee
(20:19 / All) PlayByPlay: Interesting strategy
(20:26 / All) PlayByPlay: Will he tp out?
(20:29 / All) PlayByPlay: Will he stop the madness?
(20:35 / All) PlayByPlay: What a disaster for team 1
(20:54 / All) PlayByPlay: Green has lost his entire army in an ill-advised battle that team 1 could ill-afford
(21:28 / All) PlayByPlay: Teal with the hit and run harassment on the expansions
(21:33 / All) PlayByPlay: This could be the doom of team 1
(21:36 / Allies) Ghandi: guys meet
(21:37 / Allies) Ghandi: and hit
(21:46 / Allies) Ghandi: ket it go bue
(21:48 / Allies) Ghandi: b
(21:48 / Allies) Ghandi: b
(21:49 / Allies) Ghandi: blue
(21:53 / All) PlayByPlay: Folks this is looking grim for our heroes on team 1
(21:58 / Allies) Ghandi: bklue ur gonna get flanked
(22:04 / All) PlayByPlay: Red with a massive 100 food chippo force
(22:20 / All) PlayByPlay: Team 2 with 4 massive armies agianst the middling forces of team 1
(22:46 / All) PlayByPlay: Team 1's saving grace is the noobiness of team 2
(23:19 / All) PlayByPlay: One would think that it would be prudent to kill orange's Tc before it reaches level 6
(23:29 / All) PlayByPlay: team 1 seems to be opting to base trade
(23:32 / All) PlayByPlay: 2 bases at once
(23:32 / Allies) Rush_Limbaugh: leave it
(23:46 / Allies) PlayByPlay: Team 1 is going to need to hide bases
(24:13 / All) PlayByPlay: This looks like it oculd be over folks
(24:14 / Allies) Rush_Limbaugh: tanks
(24:42 / Allies) PlayByPlay: Looks like team 1 should use more clouds
(24:54 / All) PlayByPlay: Yes stick a fork in them folks, this is over
(25:10 / All) PlayByPlay: A heroic effort but just simply not enough to overcome the overwhelming forces of team 2
(25:30 / All) PlayByPlay: Fiend manages to bring down the mighty TC
(25:46 / All) JustInstalled: stfu
(25:50 / All) JustInstalled: you fucking cuck
(26:06 / All) PlayByPlay: It looks like it's over folks, there's no recovery these heroes will be able to mount
(26:21 / All) DeeDo: gj team, gg u guys
(26:22 / All) JustInstalled: speak when spoken to
(26:26 / All) PlayByPlay: The newbies of team 2 through sheer numbers has taken the win today
(26:43 / All) MongolianPengui: i just wanted to control a big army tbh
(26:50 / All) PlayByPlay: They gave htem a fight, team 2 nearly lost because of their noobs like purple
(27:02 / All) PlayByPlay: And red who opted not to tp for the sure victory
(27:10 / All) JustInstalled: id kill you for saying that
(27:15 / All) JustInstalled: but your already dead
(27:25 / All) PlayByPlay: It looks like purple is looking to banter now that his team has won the game for him
(27:32 / All) MongolianPengui: pink give me wood u hoe
(27:35 / All) PlayByPlay: Newbs will be noobs
(27:47 / All) JustInstalled: and bitches will be bitches
(27:53 / All) MongolianPengui: ooooo
(27:55 / All) LegendsNeverDie: Only the spelling is differant?
(28:06 / All) PlayByPlay: What a great match, thank you for playing and thank you for watching ladies and gentlemen. Until next time, I'm JimBob
(28:09 / All) PlayByPlay: And this is BATTLE NET!
(28:10 / All) LegendsNeverDie: GG tho